Map: Tropic Shores

Players

Stressless

  • Race: Terran Terran
  • Spawn Location: 6:00

Molad

  • Race: Protoss Protoss
  • Spawn Location: 5:00

MikeBlack

  • Race: Terran Terran
  • Spawn Location: 5:00

Ryssiano

  • Race: Zerg Zerg
  • Spawn Location: 6:00

Maelthor - Winner!

  • Race: Terran Terran
  • Spawn Location: 12:00

Iluvatar - Winner!

  • Race: Terran Terran
  • Spawn Location: 12:00

Erfeyah - Winner!

  • Race: Terran Terran
  • Spawn Location: 0:00

athabstract - Winner!

  • Race: Protoss Protoss
  • Spawn Location: 11:00

VOD

Have the link to the VOD?

Description

Time

  • Played on: Nov. 25, 2017, 2:41 p.m.
  • Length: 14:42
Show
View Real Time Build Order
Export as new Build Order

Stressless Terran 

Build Orders: Command Center First (CC) 

Get SALT Encoding   

  12  0:15  Refinery  
  12  0:18  Refinery  
  12  0:22  SCV  
  13  0:34  SCV  
  14  0:46  SCV  
  15  1:02  Supply Depot  
  15  1:23  SCV  
  16  1:35  SCV  
  17  1:54  Command Center  
  17  2:15  Barracks  
  17  2:21  SCV  
  17  2:22  Barracks  
  18  2:33  SCV, Supply Depot  
  19  3:01  Barracks  
  19  3:09  Marine  
  19  3:12  Marine  
  21  3:27  Marine  
  21  3:29  Marine  
  23  3:45  Marine  
  23  3:47  Marine  
  23  3:48  SCV  
  26  3:57  Marine  
  26  4:00  SCV  
  26  4:01  SCV  
  29  4:03  Marine  
  29  4:05  Marine  
  31  4:12  SCV  
  31  4:13  SCV  
  31  4:14  Marine  
  34  4:20  Marine  
  34  4:23  Marine  
  37  4:24  SCV  
  37  4:25  SCV  
  38  4:32  Marine  
  38  4:37  SCV  
  40  4:42  Barracks Reactor  
  40  4:49  SCV  
  40  4:50  Marine  
  42  4:56  Barracks Reactor  
  42  5:01  SCV  
  43  5:13  SCV  
  44  5:20  Marine  
  44  5:21  Marine  
  46  5:37  Supply Depot  
  46  5:41  Supply Depot  
  46  5:48  Supply Depot  
  46  5:57  Refinery  
  46  5:59  SCV, Marine x2  
  49  6:05  Marine  
  49  6:06  Marine  
  51  6:16  Marine x2  
  51  6:17  Barracks Reactor  
  45  6:23  Marine x2  
  38  6:34  Marine x2  
  40  6:41  Marine  
  40  6:43  SCV  
  42  6:52  Marine x2  
  44  6:55  SCV  
  45  7:07  SCV  
  46  7:19  SCV  
  47  7:32  SCV, Barracks  
  48  7:44  SCV  
  49  7:45  Marine  
  49  7:46  Marine  
  49  7:48  Marine x2  
  53  7:56  SCV  
  54  8:03  Marine  
  55  8:06  Marine x2  
  57  8:33  Marine x2  
  59  8:34  Marine x2  
  61  8:50  Marine  
  61  8:53  Marine x3  
  36  9:08  Marine  
  37  9:11  Marine  
  31  9:34  Barracks Tech Lab  
  31  9:44  Marine x2  
  33  9:47  Marine x2  
  33  9:49  Marine  
  33  9:50  Marine  
  37  10:02  Marine x2  
  37  10:03  Supply Depot  
  37  10:05  Marine x2  
  41  10:07  Marine x2  
  43  10:20  Marine x2  
  45  10:23  Marine x2  
  45  10:25  Marine x2  
  49  10:37  Marine  
  49  10:38  Marine  
  49  10:41  Marine x2  
  53  10:43  Marine x2  
  55  10:55  Marine  
  5  12:05  SCV  
  1  13:07  Command Center  
Show
View Real Time Build Order
Export as new Build Order

Molad Protoss 

Build Orders:  

Get SALT Encoding   

  12  0:11  Assimilator  
  12  0:18  Assimilator  
  12  0:25  Probe  
  13  0:37  Probe  
  14  0:44  Pylon  
  14  0:49  Probe  
  15  0:52  Pylon  
  15  1:02  Probe  
  16  1:14  Probe  
  17  1:19  Gateway  
  17  1:29  Gateway  
  17  1:42  Forge  
  17  1:52  Pylon  
  17  2:09  Pylon  
  17  2:13  Pylon  
  17  2:18  Zealot  
  19  2:27  Probe  
  22  2:37  Zealot  
  22  2:39  Probe  
  23  2:49  Protoss Ground Weapons Level 1  
  23  2:53  Zealot  
  25  3:17  Photon Cannon  
  25  3:28  Photon Cannon  
  25  3:35  Zealot x2  
  29  3:51  Cybernetics Core  
  29  4:00  Pylon  
  29  4:12  Zealot  
  29  4:13  Zealot  
  33  4:33  Shield Battery  
  33  4:34  Probe  
  34  4:40  Stalker  
  36  4:46  Probe  
  36  4:50  Stalker  
  39  5:01  Probe  
  40  5:34  Nexus  
  40  5:57  Pylon, Stalker  
  40  5:58  Stalker  
  44  6:27  Stalker x2  
  48  6:46  Stargate  
  48  6:47  Stargate  
  48  6:52  Probe  
  49  7:04  Probe, Stalker  
  52  7:10  Stalker  
  54  7:16  Probe  
  55  7:28  Probe  
  56  7:34  Stalker  
  58  7:40  Probe, Stalker  
  61  7:52  Probe  
  62  8:04  Probe  
  31  9:07  Zealot x2  
  35  9:14  Void Ray x2  
  43  9:34  Zealot x2  
  47  9:46  Pylon  
  47  9:50  Pylon  
  47  9:57  Void Ray x2  
  55  10:01  Photon Cannon, Zealot  
  55  10:02  Zealot  
  59  10:08  Photon Cannon  
  59  10:18  Photon Cannon  
  56  10:24  Photon Cannon  
  54  10:28  Photon Cannon, Zealot  
  54  10:29  Zealot  
  54  10:40  Void Ray  
  52  10:56  Zealot x2  
  34  11:33  Void Ray x2  
  34  11:39  Zealot x2  
  40  12:09  Photon Cannon  
  40  12:13  Photon Cannon  
  44  12:24  Photon Cannon  
  44  12:39  Photon Cannon  
Show
View Real Time Build Order
Export as new Build Order

MikeBlack Terran 

Build Orders:  

Get SALT Encoding   

  12  0:05  SCV  
  13  0:18  SCV  
  14  0:30  SCV  
  14  0:34  Supply Depot  
  15  0:56  SCV  
  16  1:00  Refinery  
  16  1:08  SCV  
  17  1:25  Barracks  
  17  1:38  Command Center  
  17  1:51  SCV  
  18  2:03  SCV  
  18  2:05  Supply Depot  
  19  2:13  Barracks  
  19  2:15  SCV  
  20  2:27  SCV  
  20  2:29  Supply Depot  
  21  2:31  Factory  
  21  2:43  SCV  
  22  2:57  Supply Depot  
  22  3:07  SCV  
  23  3:19  SCV  
  24  3:21  Supply Depot  
  24  3:29  Refinery  
  24  3:32  SCV  
  25  3:43  Cyclone  
  25  3:44  SCV  
  29  3:56  SCV  
  30  4:08  SCV  
  31  4:12  Refinery  
  31  4:15  Cyclone  
  31  4:16  Refinery  
  34  4:20  SCV  
  35  4:27  SCV  
  36  4:32  SCV  
  37  4:39  SCV  
  37  4:44  SCV  
  39  4:56  SCV  
  40  5:08  SCV  
  41  5:16  Factory  
  41  5:17  Cyclone  
  41  5:20  SCV  
  45  5:41  SCV  
  49  5:50  Cyclone  
  49  5:53  SCV  
  50  6:05  SCV  
  50  6:07  Supply Depot  
  51  6:17  SCV  
  52  6:22  Cyclone  
  55  6:30  SCV, Supply Depot  
  56  6:53  Supply Depot  
  56  7:16  Supply Depot  
  56  7:20  SCV  
  57  7:37  Engineering Bay  
  57  7:39  Supply Depot  
  57  7:40  Cyclone  
  57  7:42  Cyclone  
  63  8:02  Supply Depot  
  63  8:12  Cyclone  
  66  8:15  Cyclone  
  69  8:44  Cyclone  
  69  8:47  Cyclone  
  38  9:19  Cyclone  
Show
View Real Time Build Order
Export as new Build Order

Ryssiano Zerg 

Build Orders: Pool First 

Get SALT Encoding   

  12  0:05  Drone  
  13  0:09  Drone  
  14  0:26  Overlord  
  14  0:27  Overlord  
  14  0:44  Extractor  
  13  0:51  Extractor  
  13  0:55  Drone x2  
  13  0:56  Drone  
  15  1:14  Spawning Pool  
  15  1:17  Drone  
  15  1:34  Drone  
  15  1:35  Drone  
  17  2:02  Queen  
  17  2:07  Zergling x2  
  17  2:08  Zergling x4  
  22  2:33  Roach Warren  
  21  2:58  Hatchery  
  21  3:03  Drone x3  
  23  3:22  Lair  
  23  3:42  Roach x2  
  23  3:43  Roach  
  29  4:13  Queen  
  29  4:15  Roach  
  33  4:19  Roach  
  33  4:23  Overlord  
  35  4:26  Overlord  
  35  4:30  Overlord  
  35  4:46  Queen  
  35  4:49  Roach x2  
  35  4:52  Roach x2  
  45  5:00  Hatchery  
  45  5:03  Drone  
  42  5:41  Roach  
  42  5:42  Roach x2  
  48  5:50  Queen  
  45  6:11  Roach x2  
  49  6:12  Queen  
  51  6:19  Ravager  
  51  6:21  Ravager  
  51  6:25  Queen, Ravager  
  54  6:26  Ravager x5  
  61  6:53  Roach x2  
  65  6:57  Zergling x2  
  66  7:09  Overlord  
  66  7:12  Overlord  
  66  7:27  Queen  
  66  7:29  Roach  
  72  7:30  Roach  
  72  7:35  Roach  
  74  7:47  Drone x3  
  77  8:03  Queen  
  79  8:16  Roach  
  79  8:19  Overlord x2  
  81  8:23  Overlord  
  81  8:24  Overlord  
  81  8:27  Overlord  
  81  8:42  Ravager  
  82  8:49  Ravager  
  82  8:54  Ravager  
  82  8:55  Ravager  
  85  8:57  Ravager  
  85  8:58  Ravager  
  87  9:06  Ravager  
  88  9:21  Roach x3  
  94  9:28  Roach  
  96  10:00  Ravager  
  96  10:02  Ravager  
  98  10:12  Roach x2  
  24  11:14  Ravager  
  24  11:17  Ravager  
  26  11:23  Roach x3  
  32  11:27  Roach x2  
  32  11:28  Roach  
Show
View Real Time Build Order
Export as new Build Order

Maelthor Terran - Winner!

Build Orders:  

Get SALT Encoding   

  12  0:00  SCV  
  13  0:13  SCV  
  14  0:19  Supply Depot  
  14  0:25  SCV  
  15  0:38  Refinery  
  15  0:40  SCV  
  16  0:45  Barracks  
  16  0:52  SCV  
  17  1:08  SCV  
  17  1:09  Barracks  
  18  1:20  SCV  
  19  1:38  Barracks Reactor, Orbital Command  
  19  1:45  Supply Depot  
  19  1:51  Refinery  
  19  1:58  Barracks Reactor  
  19  2:04  SCV  
  20  2:09  Supply Depot  
  20  2:14  Marine x2  
  22  2:16  SCV  
  23  2:30  SCV  
  23  2:32  Factory  
  23  2:33  Marine x2  
  23  2:34  Marine x2  
  28  2:42  Supply Depot  
  28  2:45  SCV  
  28  2:51  Marine x2  
  30  2:56  Marine  
  30  2:57  SCV  
  33  2:58  Marine  
  34  3:10  Supply Depot, Marine  
  34  3:11  Marine  
  36  3:19  Starport  
  36  3:22  Factory Reactor  
  36  3:24  Marine  
  36  3:27  Marine  
  37  3:30  SCV  
  39  3:37  Marine x2  
  41  3:44  SCV  
  41  3:45  Marine x2  
  44  3:55  Supply Depot  
  44  3:56  SCV  
  45  4:03  Marine x2  
  45  4:04  Marine x2  
  49  4:13  SCV  
  49  4:15  Medivac x2  
  54  4:23  Barracks  
  54  4:27  SCV  
  54  4:28  Marine  
  54  4:29  Marine  
  57  4:32  Marine  
  57  4:36  Factory Tech Lab  
  58  4:42  SCV  
  59  4:51  Marine x3  
  59  4:52  Marine  
  63  5:02  Supply Depot  
  63  5:23  SCV  
  63  5:24  Medivac x2  
  64  5:32  Marine  
  64  5:33  Marine x2  
  64  5:35  Barracks Tech Lab  
  67  5:37  Siege Tank  
  70  5:56  Command Center  
  70  6:02  Medivac  
  71  6:13  Stimpack  
  71  6:28  Supply Depot  
  71  6:30  Marine x2  
  71  6:31  Marine  
  71  6:32  Marine, Engineering Bay  
  70  6:50  Marauder, Siege Tank  
  70  6:52  Marine x3  
  78  6:55  SCV  
  79  7:12  Marauder  
  79  7:14  SCV  
  82  7:16  Medivac x2  
  82  7:19  Engineering Bay  
  82  7:21  Orbital Command  
  86  7:26  SCV, Siege Tank  
  86  7:27  Marine x3  
  86  7:28  Marine  
  94  7:43  Terran Infantry Weapons Level 1  
  94  7:44  Supply Depot  
  94  7:46  Supply Depot  
  94  7:50  Barracks  
  94  8:05  Marine x3  
  99  8:06  Marauder  
  99  8:09  Marine  
  100  8:23  Marine  
  103  8:27  Marauder  
  102  8:48  Marauder  
  95  8:59  Marine x2  
  95  9:00  Marine x2  
  97  9:03  Barracks Tech Lab  
  99  9:10  Marauder  
  98  9:21  Marine x2  
  98  9:22  Marine x2, Marauder  
  105  9:31  Marauder  
  103  9:56  Medivac x2  
  107  10:02  Marine, Marauder  
  110  10:08  Marine  
  107  10:17  Marine, Marauder  
  110  10:29  Supply Depot  
  110  10:41  Marine  
  110  10:42  Marine  
  110  10:43  Marine  
  110  10:47  Marine x2, Marauder  
  108  10:57  Terran Infantry Armor Level 1  
  108  10:59  Marine x2  
  108  11:01  Barracks  
  108  11:02  Marauder  
  112  11:05  Marine x2  
  112  11:08  Marine  
  109  11:33  Marine x4, Marauder  
  109  11:34  Marauder  
  117  11:42  SCV  
  117  11:45  Refinery  
  118  11:49  Supply Depot  
  118  12:08  Barracks Reactor, Command Center  
  118  12:09  Barracks  
  118  12:10  SCV, Marine x5  
  118  12:11  Marauder  
  118  12:13  SCV  
  125  12:15  Command Center  
  126  12:22  SCV  
  126  12:27  Armory  
  126  12:31  Supply Depot  
  126  12:44  Marine  
  126  12:47  Marine  
  126  12:52  Marine  
  126  12:53  SCV, Marauder  
  127  13:02  Marine x2  
  127  13:03  Marine x2, Marauder  
  133  13:15  Marine  
  133  13:19  Marine x2  
  134  13:20  Marine, Barracks Reactor  
  134  13:22  Supply Depot  
  137  13:32  Marine x4  
  137  13:33  Marine  
  142  14:14  Orbital Command  
Show
View Real Time Build Order
Export as new Build Order

Iluvatar Terran - Winner!

Build Orders: MMM Bio 

Get SALT Encoding   

  12  0:02  SCV  
  13  0:14  SCV  
  14  0:26  Supply Depot  
  14  0:27  SCV  
  15  0:48  SCV  
  16  0:50  Barracks  
  16  1:00  SCV  
  16  1:03  Barracks  
  17  1:09  Barracks  
  17  1:15  SCV  
  18  1:27  SCV  
  18  1:31  Supply Depot  
  19  1:39  Marine  
  20  1:54  Orbital Command  
  20  1:56  Refinery  
  20  1:57  Refinery  
  20  1:59  Marine x2  
  22  2:01  Marine  
  23  2:20  SCV  
  24  2:25  Marine  
  24  2:26  Marine  
  24  2:28  Marine  
  27  2:39  SCV, Supply Depot  
  27  2:43  Marine  
  29  2:46  Barracks Tech Lab  
  29  2:47  Marine  
  30  2:54  SCV  
  31  3:02  Factory  
  31  3:03  Marine  
  32  3:06  Marine  
  32  3:11  Stimpack  
  33  3:12  Barracks Reactor  
  33  3:14  SCV  
  34  3:21  Marine  
  35  3:28  Marine  
  35  3:33  SCV  
  37  3:38  Supply Depot  
  37  3:39  Marine  
  38  3:47  Factory Reactor  
  38  3:48  Starport  
  38  3:53  SCV  
  39  3:57  Supply Depot  
  39  4:05  Marine  
  39  4:06  Marine  
  39  4:09  SCV  
  42  4:13  Marine  
  43  4:21  Supply Depot  
  43  4:24  Marine  
  44  4:33  Marine  
  44  4:35  Marine, Factory Tech Lab  
  44  4:37  Medivac x2  
  50  4:51  Marine x2  
  52  4:58  SCV, Supply Depot  
  53  5:03  Marine  
  54  5:07  Medivac x2  
  54  5:12  SCV, Supply Depot  
  59  5:20  Marine  
  60  5:22  Combat Shields  
  60  5:23  Marine  
  61  5:41  Marine x3  
  64  5:42  Medivac  
  67  5:50  SCV, Supply Depot  
  67  5:52  Marine  
  67  5:54  Command Center  
  68  5:59  Marine  
  69  6:06  SCV  
  69  6:08  Medivac  
  72  6:20  Refinery  
  72  6:24  Refinery  
  72  6:26  Marine x3  
  72  6:27  Marine  
  72  6:28  Medivac  
  72  6:32  Supply Depot  
  78  6:51  Marine x4  
  82  6:56  SCV  
  83  7:08  SCV, Marine  
  84  7:09  Medivac x2, Marine x3  
  84  7:14  SCV  
  93  7:20  SCV  
  94  7:24  Supply Depot  
  94  7:26  SCV, Marine  
  96  7:30  Marine  
  96  7:31  Marine x2  
  96  7:32  SCV  
  100  7:38  SCV  
  100  7:42  Supply Depot  
  101  7:48  SCV  
  101  7:49  Medivac  
  101  7:50  SCV  
  105  7:51  Medivac  
  107  8:00  SCV  
  107  8:02  SCV  
  107  8:04  Marine x4  
  113  8:12  SCV  
  114  8:14  SCV  
  115  8:21  Marine  
  115  8:23  Marine x2  
  115  8:24  SCV, Marine  
  115  8:26  SCV  
  121  8:29  Viking  
  123  8:36  SCV  
  123  8:37  Supply Depot  
  123  8:38  SCV  
  123  8:39  Marine  
  123  8:40  Supply Depot  
  126  8:51  Marine  
  126  8:52  Marine  
  120  9:07  Marine x2  
  120  9:09  Marine  
  123  9:10  Marine  
  124  9:24  SCV x2, Marine  
  126  9:25  Marine  
  126  9:27  Marine  
  126  9:28  Marine  
  130  9:36  SCV x2  
  132  9:42  Marine x2  
  132  9:45  Marine  
  135  9:46  Marine  
  135  9:48  SCV x2  
  138  10:00  SCV x2, Marine x2  
  142  10:31  Marine  
  142  10:32  SCV  
  142  10:34  Marine  
  142  10:35  SCV, Marine  
  142  10:36  Marine  
  122  10:53  Marine x3  
  122  10:54  Marine  
  123  11:10  Marine  
  123  11:11  Marine x3  
  110  11:28  Marine  
  110  11:29  Marine x3  
  114  11:33  SCV x2  
  114  11:35  Medivac x2  
  120  11:45  SCV  
  116  12:05  Medivac x2  
  119  12:21  SCV x2  
  120  12:33  SCV  
  119  12:42  Barracks x2  
  119  12:43  Barracks  
  119  12:45  Barracks x2  
  119  12:46  Barracks  
  118  13:13  SCV x2  
  120  13:23  Command Center  
  120  13:25  SCV x2  
  119  13:37  SCV x2  
  113  13:49  SCV x2  
  113  13:52  Viking x2  
  119  14:01  SCV  
  119  14:02  Marine x3  
Show
View Real Time Build Order
Export as new Build Order

Erfeyah Terran - Winner!

Build Orders:  

Get SALT Encoding   

  12  0:03  SCV  
  13  0:24  SCV, Supply Depot  
  14  0:36  SCV  
  15  0:48  SCV  
  16  1:04  Barracks  
  16  1:14  Refinery  
  16  1:17  SCV  
  17  1:29  SCV  
  18  1:41  SCV  
  18  1:44  Supply Depot  
  19  1:52  Supply Depot  
  19  1:54  SCV  
  20  2:00  Marine  
  21  2:18  Marine  
  21  2:22  SCV  
  23  2:31  Factory  
  23  2:36  Marine  
  24  2:41  SCV  
  25  3:05  SCV  
  26  3:06  Supply Depot  
  26  3:08  Marine  
  27  3:17  SCV  
  28  3:26  Marine  
  29  3:31  Barracks  
  29  3:35  SCV  
  30  3:43  Marine  
  31  4:14  Command Center  
  31  4:25  SCV  
  32  4:37  SCV  
  33  5:00  SCV  
  33  5:03  Marine  
  33  5:04  Marine  
  36  5:12  SCV  
  37  5:21  Marine  
  37  5:22  Marine  
  39  5:32  Barracks  
  39  5:40  SCV  
  39  5:41  SCV  
  41  5:45  Marine x2  
  43  5:53  SCV x2  
  45  5:59  Supply Depot  
  45  6:03  Marine x2  
  47  6:13  SCV x2  
  49  6:21  Marine x2  
  49  6:22  Supply Depot  
  49  6:25  SCV x2  
  53  6:31  Marine  
  54  6:39  Marine x2  
  56  6:45  Starport  
  56  6:49  Marine  
  57  6:56  Starport, Marine  
  58  7:06  Starport  
  58  7:16  Refinery  
  58  7:54  Marine x3  
  58  7:57  Medivac x3  
  67  8:01  SCV x2  
  69  8:12  Marine x3  
  71  8:13  SCV x2  
  74  8:25  SCV x2  
  74  8:27  Medivac  
  78  10:43  Marine  
  78  10:48  SCV, Marine  
  78  10:49  SCV, Marine  
  78  10:57  Viking  
  78  11:23  Marine  
  78  11:24  SCV  
  78  12:39  Medivac  
  78  12:48  Marine  
Show
View Real Time Build Order
Export as new Build Order

athabstract Protoss - Winner!

Build Orders:  

Get SALT Encoding   

  12  0:02  Probe  
  13  0:14  Probe  
  14  0:25  Pylon  
  14  0:28  Probe  
  15  0:35  Assimilator  
  15  0:43  Probe  
  16  0:58  Probe (Chrono Boost)  
  16  1:01  Gateway  
  17  1:09  Probe (Chrono Boost)  
  18  1:12  Probe  
  18  1:16  Assimilator  
  19  1:25  Probe  
  20  1:43  Probe (Chrono Boost)  
  22  1:54  Probe (Chrono Boost)  
  22  1:56  Cybernetics Core  
  22  1:57  Probe  
  23  2:01  Pylon  
  23  2:04  Pylon  
  23  2:22  Gateway  
  23  2:23  Gateway  
  23  2:31  Zealot  
  23  2:35  Warp Gate (Chrono Boost)  
  25  2:56  Robotics Facility  
  25  2:58  Stalker  
  27  3:15  Stalker  
  27  3:16  Forge, Stalker  
  31  3:39  Stargate  
  31  3:45  Observer  
  31  3:46  Stalker  
  31  3:47  Stalker x2  
  38  4:16  Pylon  
  38  4:27  Observer  
  39  4:33  Protoss Ground Weapons Level 1  
  39  4:35  Stalker  
  39  4:36  Stalker  
  39  4:37  Stalker  
  45  4:48  Warp Prism  
  47  4:56  Pylon  
  47  5:17  Stalker  
  47  5:18  Stalker x2  
  53  5:22  Pylon  
  53  5:57  Nexus  
  53  6:00  Assimilator  
  53  6:04  Probe (Chrono Boost), Assimilator  
  54  6:12  Pylon  
  54  6:16  Probe (Chrono Boost)  
  55  6:23  Probe (Chrono Boost)  
  56  6:45  Probe (Chrono Boost)  
  58  6:57  Probe (Chrono Boost)  
  58  6:59  Probe  
  58  7:01  Gateway  
  59  7:03  Gateway  
  59  7:07  Stalker  
  59  7:08  Stalker  
  63  7:09  Stalker  
  63  7:11  Probe  
  66  7:21  Twilight Council  
  67  7:51  Probe x2  
  68  8:03  Probe x2  
  70  8:07  Pylon  
  70  8:08  Pylon  
  70  8:11  Pylon  
  70  8:15  Probe (Chrono Boost)  
  72  8:24  Probe (Chrono Boost)  
  73  8:28  Probe x2 (Chrono Boost)  
  73  8:30  Probe  
  75  8:36  Stalker x4  
  75  8:39  Probe  
  84  8:42  Probe  
  85  8:52  Probe  
  85  8:54  Probe  
  87  9:04  Probe  
  88  9:11  Blink  
  88  9:40  Stalker  
  88  9:41  Stalker x3  
  96  10:20  Gateway  
  92  11:21  Stalker x2  
  92  11:22  Stalker x2  
  100  11:44  Gateway  
  100  11:46  Gateway  
  100  11:48  Gateway  
  99  12:24  Stalker x5  
  109  12:37  Pylon x2  
  109  13:24  Stalker  
  109  13:25  Stalker x2  
  109  13:26  Stalker x2  
  119  13:27  Stalker  
  119  13:28  Stalker x2  
Tags
 
Add a new tag
Caveats
  • Supply blocks, unpowered buildings, or Contaminate may cause inaccurate times.
  • Supply counts are checked every 10 seconds.